 Dungeon Crawl Stone Soup version 0.23.2-30-g0e89c35649 (webtiles) character file.

Game seed: 6093331153965627236

2779 teukkam the Fighter (level 9, -10/82 HPs)
             Began as a Minotaur Fighter on June 19, 2019.
             Mangled by an orc warlord
             ... wielding a +3 dire flail of protection
              (23 damage)
             ... on level 7 of the Dungeon.
             The game lasted 00:24:48 (5597 turns).

teukkam the Fighter (Minotaur Fighter)              Turns: 5597, Time: 00:24:48

Health: -10/82     AC: 13    Str: 24      XL:     9   Next: 42%
Magic:  8/8        EV:  7    Int:  5 (6)  God:
Gold:   367        SH: 11    Dex:  9      Spells: 8/8 levels left

rFire    + . .     SeeInvis .   a - +4 war axe of Expedience {flame, rPois rC- rN++ MR+}
rCold    . . .     Gourm    .   c - +0 shield
rNeg     + + .     Faith    .   A - +0 chain mail
rPois    +         Spirit   .   (helmet restricted)
rElec    +         Reflect  .   t - +0 cloak
rCorr    +         Harm     .   (no gloves)
MR       ++...                  k - +0 pair of boots
Stlth    ..........             (no amulet)
HPRegen  0.23/turn              (no ring)
MPRegen  0.11/turn              (no ring)

@: resistant
A: retaliatory headbutt, hooves 1, horns 2, deterioration 1, magic resistance 1,
sense surroundings 1
a: no special abilities


You were on level 7 of the Dungeon.
You were hungry.

You visited 2 branches of the dungeon, and saw 8 of its levels.

You collected 367 gold pieces.

Inventory:

Hand Weapons
 a - the +4 war axe of Expedience (weapon) {flame, rPois rC- rN++ MR+}
   (You found it on level 6 of the Dungeon)

   It has been specially enchanted to burn those struck by it, causing extra
   injury to most foes and up to half again as much damage against particularly
   susceptible opponents.
   Big, fiery blades are also staple armaments of hydra-hunters.
   It makes you vulnerable to cold.
   It protects you from poison.
   It greatly protects you from negative energy.
   It affects your resistance to hostile enchantments.
 b - a +0 hunting sling
 w - a +1 hand axe of chopping
 y - a +0 war axe
Missiles
 h - 53 poisoned needles
 i - 89 stones
 l - 3 silver tomahawks (quivered)
 x - 104 bolts
Armour
 c - a +0 shield (worn)
 k - a +0 pair of boots (worn)
 t - a +0 cloak (worn)
 A - a +0 chain mail (worn)
Wands
 d - a wand of digging (6)
 p - a wand of acid (2)
 D - a wand of scattershot (4)
Scrolls
 e - a scroll of blinking {unknown}
 g - 3 scrolls of remove curse
 j - 4 scrolls of identify
 m - 2 scrolls of teleportation
 n - a scroll of random uselessness {unknown}
 o - 2 scrolls of fear
 q - 3 scrolls of enchant weapon {unknown}
 u - a scroll of magic mapping
 E - a scroll of vulnerability {unknown}
Potions
 v - a potion of invisibility
 z - a potion of degeneration {unknown}
 B - 2 potions of lignification
 C - a potion of ambrosia
Comestibles
 f - 4 rations
 r - 5 chunks of flesh


   Skills:
 + Level 8.3 Fighting
 + Level 7.9 Axes
 + Level 3.1 Throwing
 + Level 8.3 Armour
 + Level 8.3 Shields


You had 8 spell levels left.
You didn't know any spells.
Your spell library was empty.

Dungeon Overview and Level Annotations

Branches:
Dungeon (7/15)             Temple (1/1) D:4

Altars:
Ashenzari
Cheibriados
Dithmenos
Elyvilon
Fedhas
Hepliaklqana
Kikubaaqudgha
Makhleb
Nemelex Xobeh
Okawaru
Qazlal
Ru
Sif Muna
Trog
Uskayaw
Vehumet
Yredelemnul
The Shining One


Innate Abilities, Weirdness & Mutations

You reflexively headbutt those who attack you in melee.
You have a pair of horns on your head.
You have large cloven feet.
Your body sometimes deteriorates upon taking damage.
You are resistant to hostile enchantments. (MR+)
You passively map a small area around you.


Message History

You slash the orc warlord! You burn the orc warlord.
You headbutt the orc warlord, but do no damage.
The orc warlord is severely wounded.
You block the orc warlord's attack.
You completely miss the orc warlord.
The orc warlord is severely wounded.
You are feeling hungry.
The orc no longer looks unusually strong.
The orc warlord roars a battlecry!
The orc goes into a battle-frenzy!
Some of the chunks of flesh in your inventory have rotted away.
You hit the orc warlord. You burn the orc warlord.
You headbutt the orc warlord!
The orc warlord is almost dead.
The orc warlord hits you with a +3 dire flail of protection!!
* * * LOW HITPOINT WARNING * * *
It was a potion of resistance.
You feel protected.
The orc warlord hits you with a +3 dire flail of protection!!
You die...

############### ,
#.....o).'....#+# ,
######'###....#.#, ≈≈
, , o.. ,#....#.#,
..o..* ##o###.#,
oo.o...* #..o÷).#,
..o.... #...).o# ≈≈
################o# ≈
, ...#...........#@#
≈ ≈
...'...........'.#
...#...........#'#*
))'#############...#
,
.)))...........#...#
≈ ,
.).≈≈≈≈≈≈≈≈≈≈≈≈#####≈
...≈≈≈≈≈≈≈≈≈≈≈≈≈≈≈≈≈
...≈≈≈≈≈≈≈≈≈≈≈≈≈≈≈≈≈
....................,


You could see an orc warlord and an orc.

Vanquished Creatures
  Sigmund (D:4)
  4 wargs
  2 orc warriors (D:7)
  A black bear (D:7)
  2 sky beasts (D:7)
  2 phantoms
  A necrophage (D:7)
  2 ogres
  A centaur (D:7)
  3 bullfrogs
  A water moccasin zombie (D:5)
  2 howler monkeys (D:7)
  A crimson imp (D:7)
  2 centaur zombies (D:5)
  2 bullfrog zombies
  2 hounds (D:5)
  A bullfrog skeleton (D:5)
  2 orc priests (D:7)
  A jelly (D:5)
  An orc wizard (D:7)
  4 iguanas
  4 worker ants
  7 adders
  6 river rats (D:5)
  An ooze (D:3)
  An adder zombie (D:5)
  2 dart slugs
  3 worms
  6 leopard geckos
  32 orcs
  10 bats
  9 giant cockroaches
  4 goblins
  4 hobgoblins
  11 jackals
  8 quokkas
  A ball python (D:2)
  4 frilled lizards
  6 kobolds
  2 quokka skeletons
  22 rats
181 creatures vanquished.

Notes
Turn   | Place    | Note
-------+----------+-------------------------------------------
     0 | D:1      | teukkam the Minotaur Fighter began the quest for the Orb.
     0 | D:1      | Reached XP level 1. HP: 19/19 MP: 0/0
    78 | D:1      | Reached XP level 2. HP: 21/27 MP: 1/1
   315 | D:3      | Reached XP level 3. HP: 29/33 MP: 2/2
   904 | D:4      | Noticed Sigmund
   918 | D:4      | Killed Sigmund
   918 | D:4      | Reached XP level 4. HP: 38/41 MP: 3/3
   918 | D:4      | Reached XP level 5. HP: 43/47 MP: 4/4
   995 | D:4      | Reached skill level 5 in Fighting
   995 | D:4      | Reached skill level 5 in Armour
  1290 | D:4      | Found a staircase to the Ecumenical Temple.
  1291 | D:4      | Noticed an ogre
  1306 | D:4      | Killed an ogre
  1306 | D:4      | Reached skill level 5 in Shields
  1306 | D:4      | Reached XP level 6. HP: 52/56 MP: 5/5
  1331 | Temple   | Entered the Ecumenical Temple
  3264 | D:5      | Entered Level 5 of the Dungeon
  3388 | D:5      | Reached skill level 5 in Axes
  3388 | D:5      | Reached XP level 7. HP: 38/62 MP: 6/6
  4285 | D:6      | Reached XP level 8. HP: 25/71 MP: 7/7
  4315 | D:5      | Gained mutation: You passively map a small area around you.
                  | [potion of mutation]
  4315 | D:5      | Gained mutation: You are resistant to hostile enchantments.
                  | (MR+) [potion of mutation]
  4315 | D:5      | Gained mutation: Your body sometimes deteriorates upon
                  | taking damage. [potion of mutation]
  4315 | D:5      | Gained mutation: You have large cloven feet. [potion of
                  | mutation]
  4856 | D:6      | Got a smoking war axe
  4860 | D:6      | Identified the +4 war axe of Expedience {flame, rPois rC-
                  | rN++ MR+} (You found it on level 6 of the Dungeon)
  5077 | D:7      | Reached skill level 1 in Throwing
  5254 | D:7      | Reached XP level 9. HP: 75/81 MP: 8/8
  5565 | D:7      | Noticed an orc warlord
  5566 | D:7      | Noticed an orc knight
  5597 | D:7      | Mangled by an orc warlord

Skill      XL: |  1  2  3  4  5  6  7  8  9 |
---------------+----------------------------+-----
Fighting       | 4 5 6 7 8 |  8.3
Armour         | 4 5 6 7 8 |  8.3
Shields        | 4 5 6 7 8 |  8.3
Axes           | 3 4 5 6 7 |  7.9
Throwing       | 1 3 |  3.1

Action                   |  1- 3 |  4- 6 |  7- 9 || total
-------------------------+-------+-------+-------++-------
Melee: War axe           |    84 |   131 |   246 ||   461
       Headbutt          |    15 |    20 |    52 ||    87
 Fire: Hunting sling     |       |     3 |       ||     3
Throw: Tomahawk          |       |       |     9 ||     9
Evoke: Wand              |       |       |     4 ||     4
  Use: Potion            |     2 |     3 |     6 ||    11
       Scroll            |     2 |     5 |       ||     7
 Stab: Invisible         |     1 |       |       ||     1
  Eat: Chunk             |       |     4 |     1 ||     5
       Ration            |       |     2 |     1 ||     3
Armor: Scale mail        |    38 |    72 |    58 ||   168
       Skin              |       |     1 |       ||     1
       Chain mail        |       |       |    51 ||    51
Dodge: Dodged            |    39 |    47 |    77 ||   163
Block: Shield            |    54 |    79 |   124 ||   257
